 Dungeon Crawl Stone Soup version 0.19.0-2-gae57169 (webtiles) character file.

38234 Findor the Infuser (level 13, 78/78 HPs)
             Began as a Deep Elf Conjurer on Nov 4, 2016.
             Was a High Priest of Vehumet.
             Quit the game on level 2 of the Lair of Beasts on Nov 5, 2016.
             The game lasted 01:36:21 (25063 turns).

Findor the Infuser (Deep Elf Conjurer)             Turns: 25063, Time: 01:36:22

Health: 78/78      AC: 10    Str: 11    XL:     13   Next: 62%
Magic:  31/31      EV: 16    Int: 23    God:    Vehumet [*****.]
Gold:   756        SH:  6    Dex: 15    Spells: 8 memorised, 7 levels left

rFire  + . .     SeeInvis .     U - +2 dagger (speed)
rCold  . . .     Gourm    .     s - +3 leather armour {rPois}
rNeg   . . .     Faith    .     Y - +0 buckler
rPois  +         Spirit   .     (no helmet)
rElec  .         Reflect  .     D - +0 cloak
rCorr  .         Harm     .     c - +0 pair of gloves {Str+3}
MR     +....                    C - +0 pair of boots
Stlth  ++........               (no amulet)
                                r - ring of wizardry
                                p - ring of poison resistance

@: no status effects
A: fire resistance 1
a: Renounce Religion


You were on level 2 of the Lair of Beasts.
You worshipped Vehumet.
Vehumet was extremely pleased with you.
You were not hungry.

You visited 3 branches of the dungeon, and saw 16 of its levels.

You collected 1319 gold pieces.
You spent 563 gold pieces at shops.


Innate Abilities, Weirdness & Mutations

Your flesh is heat resistant. (rF+)


   Skills:
 + Level 7.7 Fighting
 - Level 5.3 Armour
 - Level 7.9 Dodging
 - Level 2.4 Stealth
 - Level 8.3 Shields
 + Level 12.4 Spellcasting
 + Level 12.9 Conjurations
 + Level 13.1 Charms


You had 7 spell levels left.
You knew the following spells:

 Your Spells              Type           Power        Failure   Level  Hunger
a - Magic Dart            Conj           ####         1%          1    None
b - Iskenderun's Mystic   Conj           ######..     1%          4    None
g - Regeneration          Chrm/Necr      #####.....   1%          3    None
t - Iskenderun's Battles  Conj/Chrm      ######..     1%          5    ###....
w - Swiftness             Chrm/Air       #####...     1%          2    None
A - Dazzling Spray        Conj/Hex       #####.       1%          3    None
B - Bolt of Draining      Conj/Necr      #####.....   1%          5    ###....
C - Conjure Ball Lightni  Conj/Air       #####.....   10%         6    #####..

Inventory:

Hand Weapons
 q - a +2 falchion of electrocution
 U - a +2 dagger of speed (weapon)
Armour
 c - a +0 pair of gloves of strength (worn)
 s - a +3 leather armour of poison resistance (worn)
 C - a +0 pair of boots (worn)
 D - a +0 cloak (worn)
 Y - a +0 buckler (worn)
Jewellery
 p - a ring of poison resistance (left hand)
 r - a ring of wizardry (right hand)
 v - an uncursed ring of flight
 w - an uncursed ring of fire
 x - an uncursed ring of ice
Wands
 a - a wand of polymorph (9/24)
 h - a wand of iceblast (0/15)
 k - a wand of lightning (0/15)
 l - a wand of lightning (0/15)
 n - a wand of flame (0/48)
Scrolls
 d - a scroll of remove curse
 e - a scroll of enchant weapon
 f - a scroll of amnesia
 A - a scroll of fog
 J - 2 scrolls of teleportation
 P - a scroll of blinking
Potions
 b - a potion of ambrosia
 j - 5 potions of curing
 t - 2 potions of agility
 u - 3 potions of flight
 z - 2 potions of heal wounds
 G - a potion of haste
 K - a potion of resistance
Comestibles
 g - 7 bread rations
 i - 3 chunks of flesh


Message History

The mystic blast hits the plant.
The plant is moderately damaged.
You see here a blink frog corpse.
You butcher the blink frog corpse.
i - 4 chunks of flesh Eating one of 4 chunks of flesh.
You start eating one of the 4 chunks of flesh.
This raw flesh tastes terrible.
There is a stone staircase leading down, spattered with blood here.
You start resting.
Magic restored.
Saving game... please wait.
Level annotation: exclusion: downstairs Welcome back, Findor the Deep Elf Conjurer.
Vehumet says: Let it end in hellfire!
Press ? for a list of commands and other information.
Okay, then.
Cast which spell? (? or * to list)
Okay, then.
Are you sure you want to abandon this character and quit the game? (Confirm with "yes".)

.................................
..........(.#.................P##
.................................
#...P.#.P..P........P..##P..P....
.*...............................
##...................####.(......
.................................
..##.........PP...#..............
................@..<.............
..#.........#P.......#.#.........
.................................
.............####.........##.....
.............####.........#.#....
.................................
#...####P.............#...##.....
#.#.#..#.............###.###.....
.....)................#8.8#......


There were no monsters in sight!

Vanquished Creatures
  3 hydras
  8 death yaks
  The ghost of Findor the Carver, a novice DrBe of Trog (D:7)
  Pikel (D:6)
  A hill giant (D:12)
  A manticore (D:12)
  12 elephants
  A black mamba (Lair:2)
  A centaur zombie (D:11)
  4 spiny frogs
  2 rime drakes (Lair:2)
  7 komodo dragons
  3 trolls
  A two-headed ogre (D:12)
  6 blink frogs
  6 slime creatures
  4 hippogriffs
  2 redbacks
  A spriggan (D:7)
  A wyvern (Lair:2)
  32 yaks
  A basilisk (D:12)
  A hungry ghost (D:8)
  2 wargs (Lair:2)
  7 vampire mosquitoes
  7 water moccasins
  Edmund (D:5)
  7 porcupines
  2 ice beasts
  11 orc warriors
  An eye of draining (D:9)
  A sky beast (D:6)
  2 slaves
  3 black bears
  6 phantoms
  3 ogres
  7 centaurs
  30 wolves
  3 crocodiles
  A big kobold (D:7)
  6 bullfrogs
  2 scorpions
  A wyvern skeleton (D:12)
  4 killer bees (D:10)
  4 howler monkeys
  8 wights
  5 crimson imps
  5 hounds
  2 jellies
  6 centaur skeletons
  A bullfrog skeleton (D:4)
  A gnoll shaman (D:3)
  3 orc priests
  12 orc wizards
  Crazy Yiuf (D:6)
  4 iguanas
  10 worker ants
  A hound zombie (D:2)
  The ghost of Patchouli the Magician, a weakling DEFE (D:3)
  A worker ant zombie (D:5)
  7 gnolls
  9 adders
  A howler monkey skeleton (D:7)
  2 shadow imps
  An ooze (D:2)
  5 adder skeletons
  4 adder zombies
  5 worms
  3 dart slugs (D:1)
  The ghost of Patchouli the Chiller, a weakling DEIE (D:4)
  6 leopard geckos
  49 orcs
  2 ball pythons
  9 bats
  5 bat zombies (D:2)
  8 giant cockroaches
  10 goblins
  10 hobgoblins
  4 jackals
  15 kobolds
  4 quokkas
  6 frilled lizards
  A giant cockroach zombie (D:2)
  A jackal zombie (D:2)
  2 leopard gecko zombies (D:2)
  A quokka skeleton (D:2)
  A quokka zombie (D:2)
  6 rats
450 creatures vanquished.

Vanquished Creatures (others)
  A wight (D:6)
  An orc wizard (D:8)
  An adder (D:6)
  A fulminant prism (D:4)
  6 fungi
  5 plants
15 creatures vanquished.

Grand Total: 465 creatures vanquished

Notes
Turn   | Place    | Note
-------+----------+-------------------------------------------
     0 | D:1      | Findor the Deep Elf Conjurer began the quest for the Orb.
     0 | D:1      | Reached XP level 1. HP: 10/10 MP: 6/6
   128 | D:1      | Reached XP level 2. HP: 15/15 MP: 4/8
   683 | D:1      | Reached XP level 3. HP: 13/19 MP: 4/10
  1657 | D:2      | Reached XP level 4. HP: 20/24 MP: 2/12
  1825 | D:2      | Learned a level 4 spell: Iskenderun's Mystic Blast
  1829 | D:2      | Learned a level 3 spell: Dazzling Spray
  1834 | D:2      | Learned a level 4 spell: Fulminant Prism
  2668 | D:3      | Reached XP level 5. HP: 28/28 MP: 10/14
  2779 | D:3      | Noticed Patchouli's ghost (weakling DEFE)
  2781 | D:3      | Killed Patchouli's ghost
  2911 | D:3      | Reached skill level 6 in Conjurations
  3077 | D:3      | Reached skill level 6 in Spellcasting
  3412 | D:4      | Noticed Patchouli's ghost (weakling DEIE)
  3413 | D:4      | Killed Patchouli's ghost
  3567 | D:4      | Found a staircase to the Ecumenical Temple.
  3596 | Temple   | Entered the Ecumenical Temple
  3688 | Temple   | Became a worshipper of Vehumet
  3783 | D:4      | Reached XP level 6. HP: 25/32 MP: 10/17
  4289 | D:4      | Learned a level 5 spell: Iskenderun's Battlesphere
  4390 | D:4      | Reached skill level 1 in Charms
  4446 | D:4      | Reached skill level 2 in Charms
  4796 | D:4      | Reached skill level 3 in Charms
  4796 | D:4      | Reached XP level 7. HP: 36/36 MP: 6/19
  4892 | D:4      | Found a bloodstained altar of Trog.
  4896 | D:4      | Reached skill level 1 in Armour
  5041 | D:5      | Entered Level 5 of the Dungeon
  5549 | D:5      | Learned a level 2 spell: Swiftness
  5558 | D:5      | Got an iridescent trident
  5560 | D:5      | Identified the +0 trident "Ogre's Peril" {pierce, +Rage +Fly rC- Int+2 Dex+3} (You found it on level 5 of the Dungeon)
  5707 | D:5      | Reached skill level 4 in Charms
  5718 | D:5      | Reached * piety under Vehumet
  5718 | D:5      | Offered knowledge of Sandblast by Vehumet.
  6146 | D:5      | HP: 4/36 [ice beast (10)]
  6200 | D:5      | Reached skill level 5 in Charms
  6200 | D:5      | Reached XP level 8. HP: 12/41 MP: 14/21
  6556 | D:6      | Noticed Edmund
  6590 | D:5      | Killed Edmund
  6749 | D:4      | Reached skill level 6 in Charms
  7028 | D:6      | Noticed Pikel
  7410 | D:6      | Reached skill level 3 in Armour
  8107 | D:6      | Reached skill level 7 in Charms
  8108 | D:6      | Reached skill level 9 in Spellcasting
  8634 | D:6      | Killed Pikel
  8634 | D:6      | Reached XP level 9. HP: 45/45 MP: 11/24
  8950 | D:6      | Found a runed door.
  8954 | D:6      | Noticed Crazy Yiuf
  8955 | D:6      | Killed Crazy Yiuf
  9022 | D:7      | Offered knowledge of Shock by Vehumet.
  9028 | D:7      | Reached ** piety under Vehumet
  9028 | D:7      | Reached skill level 8 in Charms
  9182 | D:7      | Reached skill level 9 in Conjurations
  9268 | D:7      | Noticed Findor's ghost (novice DrBe)
  9277 | D:7      | Killed Findor's ghost
  9277 | D:7      | Reached skill level 9 in Charms
  9424 | D:7      | Found a runed door.
  9424 | D:7      | Noticed a sixfirhy
  9533 | D:7      | Found Xodat's Assorted Antiques.
  9541 | D:7      | Bought a leatherbound book for 390 gold pieces
  9541 | D:7      | Bought a fizzy cyan potion for 23 gold pieces
  9541 | D:7      | Bought a purple potion for 23 gold pieces
  9541 | D:7      | Bought a fuming brown potion for 23 gold pieces
 10271 | D:7      | Reached skill level 10 in Charms
 10669 | D:8      | Reached skill level 3 in Dodging
 11200 | D:8      | Reached XP level 10. HP: 50/50 MP: 7/25
 11328 | D:8      | Offered knowledge of Throw Flame by Vehumet.
 11859 | D:9      | Reached skill level 6 in Dodging
 12076 | D:9      | Reached *** piety under Vehumet
 12350 | D:9      | Found Xytyxul's Magic Scroll Emporium.
 12358 | D:9      | Bought a scroll of identify for 26 gold pieces
 12358 | D:9      | Bought a scroll of identify for 26 gold pieces
 12358 | D:9      | Bought a scroll of identify for 26 gold pieces
 12358 | D:9      | Bought a scroll of identify for 26 gold pieces
 12882 | D:10     | Entered Level 10 of the Dungeon
 13025 | D:10     | Noticed an elephant
 13138 | D:10     | Found a staircase to the Lair.
 13323 | D:10     | Offered knowledge of Force Lance by Vehumet.
 13528 | D:10     | Found a staircase to the Orcish Mines.
 13588 | D:10     | Killed an elephant
 13588 | D:10     | Reached skill level 1 in Fighting
 14519 | D:11     | Reached skill level 3 in Fighting
 14542 | D:11     | Reached **** piety under Vehumet
 14752 | D:11     | Reached XP level 11. HP: 54/60 MP: 20/26
 15317 | Lair:1   | Entered Level 1 of the Lair of Beasts
 15352 | Lair:1   | Reached skill level 1 in Shields
 15543 | Lair:1   | Gained mutation: Your flesh is heat resistant. (rF+) [potion of beneficial mutation]
 15570 | Lair:1   | Learned a level 3 spell: Regeneration
 15727 | Lair:1   | Offered knowledge of Bolt of Draining by Vehumet.
 15755 | Lair:1   | Reached skill level 3 in Shields
 16152 | Lair:1   | Learned a level 5 spell: Bolt of Draining
 17071 | Lair:1   | HP: 5/60 [spiny frog (19)]
 17074 | Lair:1   | Reached skill level 6 in Shields
 17845 | Lair:2   | Noticed a five-headed hydra
 17884 | Lair:2   | HP: 12/60 [five-headed hydra (2)]
 17884 | Lair:2   | HP: 4/60 [five-headed hydra (8)]
 17901 | Lair:1   | HP: 10/60 [vampire mosquito (8)]
 18335 | Lair:2   | Killed a five-headed hydra
 18335 | Lair:2   | Reached XP level 12. HP: 66/66 MP: 12/27
 18560 | Lair:2   | Reached ***** piety under Vehumet
 18560 | Lair:2   | Offered knowledge of Conjure Ball Lightning by Vehumet.
 18730 | Lair:2   | Found a staircase to the Swamp.
 19070 | Lair:3   | Noticed a death yak
 19070 | Lair:3   | Noticed a death yak
 19070 | Lair:3   | Noticed a death yak
 19071 | Lair:3   | Noticed a death yak
 19071 | Lair:3   | Noticed a death yak
 19539 | Lair:3   | Found a hole to the Spider Nest.
 19969 | Lair:3   | Reached skill level 6 in Fighting
 20090 | Lair:2   | HP: 12/70 [elephant (14)]
 20238 | Lair:1   | Noticed a four-headed hydra
 20241 | Lair:1   | Killed a four-headed hydra
 20241 | Lair:1   | Reached skill level 11 in Charms
 20268 | Lair:1   | Noticed a seven-headed hydra
 21009 | D:12     | Reached skill level 12 in Conjurations
 21953 | D:12     | Learned a level 6 spell: Conjure Ball Lightning
 22230 | D:12     | Reached XP level 13. HP: 59/76 MP: 0/30
 22320 | D:12     | Noticed Frances
 22851 | Lair:1   | Reached skill level 12 in Charms
 24021 | Lair:2   | Reached skill level 12 in Spellcasting
 24767 | Lair:2   | Reached skill level 13 in Charms
 24976 | Lair:2   | Offered knowledge of Ozocubu's Refrigeration by Vehumet.
 25063 | Lair:2   | Quit the game

Vault maps used:
D:1:      dpeg_arrival_line_fractal, roderic_roman_lattice, columned_hall_lemuel
D:2:      serial_undead, serial_undead_a, serial_undead_c, serial_undead_a,
          serial_undead_d, serial_undead_d, serial_undead_a, serial_undead_c,
          serial_undead_d, serial_undead_f, serial_undead_b, kennysheep_nub
D:3:      first_bread
D:4:      trog_butcher_becter
D:6:      kennysheep_generic_room_8, uniq_crazy_yiuf_cottage, uniq_edmund,
          uniq_pikel
D:7:      cheibrodos_shockbox, serial_shops, shop, the_bakery
D:9:      serial_shops, shop
D:10:     david_lair_generic, orc_0_dummy, minmay_misc_feat_plants,
          minmay_hedge_maze
D:11:     special_room
D:12:     uniq_frances
Temple:   kilobyte_greek_temple
Lair:1:   st_stairs_12, beast_lair_carwin_11
Lair:2:   beast_lair_carwin_large_4, minmay_swamp_entry_swarm,
          portal_ice_cave_rime, small_statue_intersection
Lair:3:   spider_nest_entry_a, minmay_lindwurm_lava, grunt_megastairs_4

Action                   |  1- 3 |  4- 6 |  7- 9 | 10-12 | 13-15 || total
-------------------------+-------+-------+-------+-------+-------++-------
Melee: Dagger            |    12 |       |     7 |     7 |    32 ||    58
 Cast: Magic Dart        |   117 |   169 |   236 |   337 |    32 ||   891
       Iskenderun's Myst |       |     8 |    97 |   196 |    83 ||   384
       Dazzling Spray    |       |     3 |       |     4 |       ||     7
       Fulminant Prism   |       |     1 |       |       |       ||     1
       Swiftness         |       |       |     3 |     2 |       ||     5
       Iskenderun's Batt |       |       |     3 |    77 |    17 ||    97
       Bolt of Draining  |       |       |       |    23 |    14 ||    37
       Regeneration      |       |       |       |     1 |       ||     1
Evoke: Wand              |       |       |     1 |    27 |     6 ||    34
  Use: Scroll            |       |       |    14 |    19 |     1 ||    34
       Potion            |       |       |     4 |     6 |       ||    10
  Eat: Chunk             |     1 |    12 |    17 |    32 |     5 ||    67
       Beef jerky        |       |       |     2 |       |     1 ||     3
       Bread ration      |       |       |     2 |     1 |     1 ||     4
       Pizza             |       |       |     1 |       |       ||     1
       Meat ration       |       |       |       |     4 |       ||     4
       Royal jelly       |       |       |       |       |     1 ||     1
Armor: Robe              |    40 |     1 |       |       |       ||    41
       Leather armour    |       |    10 |    31 |    38 |    24 ||   103
Dodge: Dodged            |    85 |    30 |    65 |   150 |    60 ||   390
Block: Buckler           |       |       |       |    45 |    21 ||    66
